 Dungeon Crawl Stone Soup version 0.31-a0-355-g57cb03d3e8 (webtiles) character file.

Game seed: 11416851703653862716

1645 randomguy2701 the Cleaver (level 8, -4/109 HPs)
             Began as a Hill Orc Monk on July 24, 2023.
             Was a Priest of Beogh.
             Slain by an orange demon (5 damage)
             ... led by Amaemon
             ... on level 8 of the Dungeon.
             The game lasted 00:12:17 (5716 turns).

randomguy2701 the Cleaver (Hill Orc Monk)           Turns: 5716, Time: 00:12:20

Health: -4/109     AC:  9    Str: 13 (16) XL:     8   Next: 99%
Magic:  11/11      EV: 12    Int:  9 (10) God:    Beogh [***...]
Gold:   439        SH:  0    Dex: 12 (13) Spells: 7/7 levels left

rFire   . . .        a - +0 hand axe
rCold   . . .        d - orb {light}
rNeg    . . .        v - +0 chain mail
rPois   +            (no helmet)
rElec   .            (no cloak)
rCorr   .            w - +0 pair of gloves
SInv    .            (no boots)
Will    +....        (no amulet) Stlth
                     p - +5 ring of evasion
HPRegen 0.38/turn    s - ring of poison resistance
MPRegen 0.12/turn

%: no passive effects
@: berserking, lethally poisoned (-4 -> -8), marked, enlightened, flying,
glowing, invisible (but backlit and visible), very quick
A: no striking features
a: Renounce Religion, Smiting


You were on level 8 of the Dungeon.
You worshipped Beogh.
Beogh was most pleased with you.
You visited 1 branch of the dungeon, and saw 8 of its levels.

You collected 439 gold pieces.

Inventory:

Hand Weapons
 a - a +0 hand axe (weapon)
 B - the +6 rapier "Giantbane" {flame, *Slow rElec Will+++ Dex-3}
   (You found it on level 6 of the Dungeon)

   Dex:       It affects your dexterity (-3).
   rElec:     It insulates you from electricity.
   *Slow:     It may slow you when you take damage.
   Will:      It greatly increases your willpower.
Armour
 d - an orb of light (worn)
 v - a +0 chain mail (worn)
 w - a +0 pair of gloves (worn)
Jewellery
 b - a +5 ring of evasion
 i - a ring of willpower
 p - a +5 ring of evasion (left hand)
 q - a +4 ring of slaying
 s - a ring of poison resistance (right hand)
 E - the ring "Hexohov" {rC+ rN+ Int+3}
   (You found it on level 8 of the Dungeon)

   [ring of protection from cold]

   Int:       It affects your intelligence (+3).
   rC:        It protects you from cold.
   rN:        It protects you from negative energy.
Wands
 z - a wand of mindburst (16)
Scrolls
 e - 2 scrolls of revelation {unknown}
 h - 2 scrolls of blinking {unknown}
 l - 2 scrolls of teleportation {unknown}
 m - a scroll of fog {unknown}
 n - 3 scrolls of vulnerability {unknown}
 t - 3 scrolls of immolation {unknown}
 u - 3 scrolls of identify {unknown}
 x - a scroll of fear {unknown}
 y - a scroll of enchant armour {unknown}
Potions
 c - a potion of brilliance {unknown}
 g - 2 potions of degeneration
 j - a potion of heal wounds {unknown}
 k - a potion of invisibility
 o - a potion of attraction {unknown}
 r - a potion of mutation {unknown}
 A - a potion of enlightenment
 C - a potion of resistance {unknown}
 D - a potion of haste {unknown}


   Skills:
 + Level 7.3 Fighting
 + Level 10.3 Axes
 - Level 0.7 Armour
 + Level 4.5 Dodging
 - Level 1.3 Stealth
 + Level 4.8 Invocations


You had 7 spell levels left.
You didn't know any spells.
Your spell library contained the following spells:

 Spells                   Type           Power      Damage    Failure   Level
 Apportation              Tloc           0%         N/A       100%        1
 Magic Dart               Conj           0%         1d3       100%        1
 Necrotise                Necr           0%         1d4       100%        1
 Summon Small Mammal      Summ           0%         N/A       100%        1
 Call Imp                 Summ           0%         N/A       100%        2
 Sublimation of Blood     Necr           0%         N/A       100%        2
 Call Canine Familiar     Summ           0%         N/A       100%        3
 Mephitic Cloud           Conj/Pois/Air  0%         N/A       100%        3
 Portal Projectile        Hex/Tloc       0%         N/A       100%        3
 Leda's Liquefaction      Hex/Erth       0%         N/A       100%        4
 Manifold Assault         Tloc           0%         N/A       100%        4
 Petrify                  Tmut/Erth      0%         N/A       100%        4
 Irradiate                Conj/Tmut      0%         3d11      100%        5
 Dispersal                Tloc           0%         N/A       100%        6
 Disjunction              Tloc           0%         N/A       100%        8


Dungeon Overview and Level Annotations

Branches:
Dungeon (8/15)
 Temple: D:4-7         Lair: D:8-11

Altars:
Ru
Sif Muna
Vehumet
Wu Jian

Annotations:
D:7 Joseph
D:8 Amaemon


Message History

The scorpion stings you.
* * * LOW HITPOINT WARNING * * *
You are lethally poisoned!
The scorpion poisons you!
There is an open door here.
It was a potion of degeneration.
There was something very wrong with that liquid.
You feel weakened.
You feel dopey.
You feel clumsy.
* * * LOW HITPOINT WARNING * * *
You feel very sick. The scorpion completely misses you.
The scorpion stings your orc!
Your orc dies!
Amaemon hits your orc with a -1 demon whip of venom!
Your orc dies!
Amaemon shouts!
It was a potion of enlightenment.
You feel very buoyant.
You fly up into the air.
* * * LOW HITPOINT WARNING * * *
You feel very sick.
The scorpion stings you but does no damage. x2
The orange demon closely misses you.
Amaemon gestures at the scorpion while chanting.
The scorpion seems to grow toxic.
It was a potion of invisibility.
You become transparent, but the glow from your halo prevents you from becoming completely invisible.
* * * LOW HITPOINT WARNING * * *
You feel sick.
The scorpion stings you but does no damage.
The scorpion barely misses you.
The orange demon stings you but does no damage.
Amaemon casts a spell.
It was a potion of berserk rage.
A red film seems to cover your vision as you go berserk!
You feel yourself moving faster!
You feel mighty!
* * * LOW HITPOINT WARNING * * *
You feel sick.
The scorpion stings you but does no damage.
The scorpion barely misses you. The orange demon stings you from afar.
You die...

.........'....#o.# ....
..........#....#..#
...###..########....#.o#
#....#..#.........###..#
+....#..#.........#....#
#....#..#.........#....'
######....+..#.....o..o######
##.........#..#.....####oooooo
...........##@#.....# #...ooo
......))..sssss.....# #......
......))6).4.s......# #......
.......))...........# #......
##.....####....###### #......
###### #....# #...... #....#
#...... #....# #...... #....#
#......


You could see Amaemon (very poisoned), an orange demon and 6 scorpions.

Vanquished Creatures
  A water moccasin (D:7)
  2 phantoms
  2 kobold brigands
  A bullfrog (D:8)
  A gnoll sergeant (D:7)
  5 wights (D:7)
  A lava snake (D:8)
  6 hounds
  2 jellies
  5 sleepcaps
  Ijyb (D:5)
  2 iguanas
  Robin (D:5)
  4 gnolls
  7 adders
  A shadow imp (D:6)
  A white imp (D:6)
  An ufetubus (D:6)
  A worm (D:3)
  The ghost of drugrobin the Sneak, a weakling DgDe (D:3)
  2 dart slugs
  22 orcs
  2 bats
  8 endoplasms
  A giant cockroach (D:2)
  10 goblins
  13 hobgoblins
  5 quokkas
  16 ball pythons
  6 frilled lizards
  23 kobolds
  7 rats (D:1)
161 creatures vanquished.

Vanquished Creatures (collateral kills)
  An orc warrior (D:8)
  An ogre (D:8)
  An orc priest (D:8)
  3 orcs (D:8)
6 creatures vanquished.

Vanquished Creatures (others)
  19 orcs (D:8)
19 creatures vanquished.

Grand Total: 186 creatures vanquished

Notes
Turn   | Place    | Note
-------+----------+-------------------------------------------
     0 | D:1      | randomguy2701 the Hill Orc Monk began the quest for the
                  | Orb.
     0 | D:1      | Reached XP level 1. HP: 19/19 MP: 1/1
   130 | D:1      | Reached XP level 2. HP: 27/27 MP: 2/2
   355 | D:1      | Reached XP level 3. HP: 4/33 MP: 3/3
  1184 | D:2      | Reached skill level 5 in Axes
  1423 | D:2      | Reached XP level 4. HP: 33/41 MP: 4/4
  1970 | D:3      | Reached skill level 6 in Axes
  2036 | D:3      | Found a transporter.
  2036 | D:3      | Noticed drugrobin's ghost (weakling DgDe)
  2046 | D:3      | Found a transporter.
  2246 | D:3      | Reached XP level 5. HP: 36/47 MP: 5/5
  2905 | D:3      | Killed drugrobin's ghost
  2956 | D:4      | Noticed a phantom
  2973 | D:4      | Killed a phantom
  2974 | D:4      | Reached skill level 7 in Axes
  2974 | D:4      | Reached XP level 6. HP: 50/55 MP: 6/6
  3018 | D:4      | Reached skill level 1 in Stealth
  3045 | D:4      | You fall into a shaft and drop 1 floor!
  3045 | D:5      | Entered Level 5 of the Dungeon
  3209 | D:5      | Reached skill level 5 in Fighting
  3210 | D:5      | Reached skill level 8 in Axes
  3256 | D:5      | Reached XP level 7. HP: 45/61 MP: 7/7
  3329 | D:5      | Became a worshipper of Beogh the Brigand
  3329 | D:5      | Reached * piety under Beogh
  3329 | D:5      | Reached ** piety under Beogh
  3602 | D:5      | Noticed Robin
  3603 | D:5      | Noticed Ijyb
  3640 | D:5      | Killed Ijyb
  3641 | D:5      | Reached skill level 9 in Axes
  3656 | D:5      | Killed Robin
  3773 | D:5      | Found a shimmering blue altar of Sif Muna.
  4114 | D:6      | Identified the +6 rapier "Giantbane" {flame, *Slow rElec
                  | Will+++ Dex-3}
  4207 | D:6      | Reached skill level 1 in Invocations
  4444 | D:6      | Noticed a shadow
  4470 | D:7      | Reached XP level 8. HP: 51/70 MP: 9/9
  4644 | D:7      | Reached *** piety under Beogh
  4918 | D:7      | Reached skill level 10 in Axes
  4935 | D:7      | Found a sacrificial altar of Ru.
  4935 | D:7      | Noticed Joseph
  5227 | D:8      | Identified the ring "Hexohov" {rC+ rN+ Int+3}
  5292 | D:8      | Found a radiant altar of Vehumet.
  5386 | D:8      | Found an ornate altar of the Wu Jian Council.
  5692 | D:8      | Noticed Amaemon
  5693 | D:8      | Noticed an orange demon
  5714 | D:8      | HP: 2/73 [poisoned by a scorpion]
  5716 | D:8      | Slain by an orange demon

Illustrated notes

Levels and vault maps discovered:
D:1:      eino_arrival_cavern_a, layout_rooms, minmay_crystal_room,
          chequers_serial_rivers_large_b, hangedman_decor_peaks_small,
          grunt_decor_clamped, reono_crystal_passage
D:2:      layout_loops_cross, chequers_serial_rivers_room_b,
          minmay_tree_intersection, roderic_serpentine_path,
          minmay_split_cup_small
D:3:      layout_basic, gammafunk_ghost_arena, minmay_shallow_snake_nest
D:4:      layout_rooms, minmay_temple_entry_stoned_glass, minivault_24
D:5:      nicolae_cairo_tiling_large_dashed, layout_basic, led_sif_pool,
          grunt_decor_junction, nicolae_goblin_pals
D:6:      layout_rooms, nicolae_hexahallways
D:7:      layout_cave_pools, hangedman_ru_absence, kennysheep_slug_shrine,
          chequers_avenue, chequers_jeans, uniq_joseph
D:8:      layout_gridville, mainiacjoe_overflow_catch_the_wave, special_room
          [special_room_orc], uniq_amaemon

Skill      XL: |  1  2  3  4  5  6  7  8 |
---------------+-------------------------+-----
Fighting       | 4 5 6 7 |  7.3
Axes           | 5 6 7 8 9 10 | 10.3
Dodging        | 3 4 |  4.5
Stealth        | 1 |  1.3
Invocations    | 2 4 |  4.8
Armour         | |  0.7

Action                     |  1- 3 |  4- 6 |  7- 9 || total
---------------------------+-------+-------+-------++-------
  Melee: Hand axe          |    93 |   162 |   187 ||   442
 Invoke: Convert to Beogh  |       |       |     1 ||     1
    Use: Potion            |       |       |     6 ||     6
 Armour: Robe              |    15 |     2 |       ||    17
         Chain mail        |       |    22 |    59 ||    81
  Dodge: Dodged            |    63 |   132 |   143 ||   338

Table legend: (Time is in decaauts)
 A = Elapsed time spent in this place.
 B = Non-inter-level travel time spent in this place.
 C = Inter-level travel time spent in this place.
 D = Time resting spent in this place.
 E = Time spent auto-exploring this place.
 F = Levels seen in this place.
 G = Mean time per level.
                   A        B        C        D        E       F      G
               +--------+--------+--------+--------+--------+-----+--------+
         Total |   5710 |   5476 |    234 |      0 |   4576 |   8 |  713.8 |
       Dungeon |   5710 |   5476 |    234 |      0 |   4576 |   8 |  713.8 |
               +--------+--------+--------+--------+--------+-----+--------+

Top non-repeatable levels by time:
     D:3: 1095 daAuts
     D:2: 1029 daAuts
     D:5: 927 daAuts
     D:1: 864 daAuts
     D:8: 765 daAuts
     D:7: 481 daAuts
     D:6: 459 daAuts
     D:4: 86 daAuts
